Map: Triton LE

Players

ChongKing

  • Race: Terran Terran
  • League: Diamond
  • Spawn Location: 11:00

Alken - Winner!

  • Race: Protoss Protoss
  • League: Diamond
  • Spawn Location: 5:00

VOD

Have the link to the VOD?

Description

Time

  • Played on: Nov. 24, 2019, 8:29 p.m.
  • Length: 10:27
Show
View Real Time Build Order
Export as new Build Order

ChongKing Terran 

Build Orders:  

Get SALT Encoding   

  12  0:00  SCV  
  13  0:12  SCV  
  14  0:17  Supply Depot  
  14  0:25  SCV  
  14  0:27  Refinery  
  15  0:39  SCV  
  16  0:44  Barracks  
  16  0:51  SCV  
  17  1:03  SCV  
  18  1:15  SCV  
  20  1:33  Orbital Command  
  20  1:34  Reaper  
  20  1:54  Command Center  
  20  2:03  SCV  
  20  2:05  Factory  
  20  2:07  Barracks Reactor  
  21  2:13  Supply Depot  
  21  2:17  SCV  
  21  2:21  Refinery  
  22  2:39  SCV  
  22  2:44  Marine x2  
  25  2:56  SCV  
  25  2:57  Widow Mine  
  28  3:00  Starport  
  28  3:03  Marine x2  
  30  3:08  SCV  
  31  3:18  Orbital Command  
  31  3:21  Widow Mine  
  31  3:25  Marine x2  
  35  3:27  SCV  
  36  3:39  Medivac  
  38  3:42  SCV  
  38  3:46  SCV  
  38  3:47  Supply Depot  
  40  3:49  Marine x2  
  40  3:54  SCV  
  43  3:57  Barracks  
  43  4:00  Barracks  
  42  4:13  Factory Tech Lab  
  42  4:14  Marine x2  
  44  4:18  Starport Reactor  
  44  4:22  SCV x2  
  46  4:29  Supply Depot  
  46  4:34  SCV x2  
  48  4:40  Engineering Bay  
  48  4:45  Marine x2, Engineering Bay  
  48  4:46  Barracks Tech Lab, SCV x2  
  48  4:48  Barracks Tech Lab  
  52  5:01  SCV x2  
  54  5:11  Marauder x2  
  54  5:13  SCV  
  59  5:16  Marine x2, Combat Shield, Stimpack  
  61  5:26  Supply Depot  
  61  5:30  Medivac  
  61  5:32  Marine, SCV x2  
  61  5:35  Marauder  
  68  5:36  Medivac  
  70  5:43  Terran Infantry Weapons Level 1  
  70  5:44  Terran Infantry Armor Level 1  
  67  5:57  SCV x2  
  67  5:58  Marine x2, Marauder x2  
  72  6:05  Refinery  
  72  6:09  SCV x2  
  74  6:12  Refinery  
  74  6:17  Medivac  
  76  6:18  Marine x2  
  78  6:27  Supply Depot  
  78  6:29  Supply Depot  
  78  6:32  Marine, SCV x2  
  81  6:43  Marine x2, Marauder  
  85  6:47  SCV  
  85  6:49  Medivac, SCV  
  85  6:50  Marine  
  89  7:04  Ghost Academy  
  89  7:05  Command Center  
  89  7:07  SCV x2  
  91  7:09  Marine x2  
  93  7:19  Marauder x2  
  93  7:22  SCV x2  
  99  7:26  Marine  
  99  7:27  Marine  
  99  7:29  Armory  
  101  7:34  SCV  
  101  7:35  Enhanced Shockwaves  
  102  7:44  SCV  
  102  7:45  Marauder x2  
  102  7:53  Marine  
  102  7:54  Marine  
  82  8:06  Marine, Marauder  
  82  8:10  Marine  
  86  8:15  Concussive Shells, Barracks x2  
  86  8:17  Factory Reactor, Barracks  
  86  8:29  Orbital Command  
  86  8:30  SCV x2  
  87  8:41  Ghost  
  87  8:42  Marine x2, Marauder, SCV  
  87  8:43  SCV  
  95  8:52  Medivac x2  
  95  8:54  Widow Mine, SCV  
  95  8:55  SCV  
  102  8:59  Marine  
  100  9:04  Barracks Tech Lab, Barracks Reactor  
  100  9:13  Ghost  
  100  9:14  Ghost  
  100  9:18  SCV x2  
  102  9:27  Widow Mine x2, Supply Depot x2  
  105  9:36  Marauder  
  105  9:37  Marine x2  
  105  9:38  Marauder  
  91  9:42  Marine x2  
  91  9:44  Marine x2  
  64  9:55  Marine x2  
  64  9:57  Marine  
  64  9:59  Marauder  
  65  10:00  Marauder, Marine  
  65  10:01  SCV  
  65  10:02  Marine x2  
  68  10:15  SCV  
Show
View Real Time Build Order
Export as new Build Order

Alken Protoss - Winner!

Build Orders: 1 Gate Expand, Double Forge, Phoenix Opening, Blink Stalkers 

Get SALT Encoding   

  12  0:01  Probe  
  13  0:13  Probe  
  14  0:18  Pylon  
  14  0:25  Probe (Chrono Boost)  
  15  0:37  Probe (Chrono Boost)  
  15  0:40  Gateway  
  16  0:45  Probe (Chrono Boost)  
  16  0:48  Assimilator  
  17  0:52  Probe  
  18  1:04  Probe  
  19  1:16  Probe  
  20  1:28  Nexus  
  20  1:39  Cybernetics Core  
  20  1:43  Probe (Chrono Boost)  
  20  1:46  Assimilator  
  21  1:54  Probe (Chrono Boost)  
  21  1:55  Pylon  
  22  2:03  Probe  
  23  2:13  Stalker (Chrono Boost)  
  23  2:15  Probe  
  24  2:17  Warp Gate  
  26  2:29  Probe  
  27  2:35  Stalker  
  29  2:42  Probe (Chrono Boost), Twilight Council  
  31  2:48  Probe (Chrono Boost)  
  32  2:52  Probe (Chrono Boost)  
  32  2:57  Probe x2 (Chrono Boost)  
  33  3:06  Sentry  
  33  3:07  Probe, Gateway  
  33  3:11  Probe, Gateway  
  37  3:22  Probe (Chrono Boost)  
  39  3:27  Blink  
  39  3:29  Probe (Chrono Boost)  
  39  3:33  Probe (Chrono Boost)  
  40  3:37  Probe (Chrono Boost)  
  40  3:38  Probe (Chrono Boost)  
  42  3:48  Probe  
  43  3:51  Phoenix  
  43  3:53  Pylon  
  45  3:57  Probe, Robotics Facility  
  44  4:13  Probe x2, Nexus  
  44  4:15  Stalker x2  
  44  4:16  Pylon  
  50  4:25  Probe x2  
  50  4:29  Pylon  
  50  4:30  Forge  
  52  4:33  Forge  
  52  4:37  Probe x2  
  54  4:53  Zealot  
  54  4:54  Zealot x2  
  60  5:00  Gateway x2  
  60  5:01  Gateway  
  60  5:06  Probe x2  
  54  5:15  Protoss Ground Weapons Level 1 (Chrono Boost)  
  54  5:16  Protoss Ground Armor Level 1 (Chrono Boost)  
  54  5:18  Probe x2  
  56  5:28  Observer (Chrono Boost)  
  57  5:29  Stalker  
  57  5:30  Stalker  
  57  5:32  Probe (Chrono Boost), Zealot  
  57  5:35  Probe (Chrono Boost)  
  66  5:36  Probe (Chrono Boost)  
  67  5:46  Probe (Chrono Boost)  
  67  5:48  Probe (Chrono Boost)  
  67  5:59  Probe x3  
  67  6:00  Charge (Chrono Boost)  
  67  6:02  Zealot x6  
  82  6:11  Probe x2  
  84  6:15  Pylon  
  84  6:18  Pylon  
  82  6:30  Pylon  
  82  6:32  Sentry  
  84  6:33  Immortal  
  84  6:34  Pylon  
  87  6:48  Zealot  
  87  6:49  Zealot x4  
  97  7:04  Stalker  
  99  7:10  Gateway  
  99  7:11  Gateway  
  99  7:12  Pylon, Gateway  
  99  7:13  Stalker  
  99  7:14  Stalker x2  
  105  7:16  Immortal  
  109  7:28  Probe (Chrono Boost)  
  112  7:31  Protoss Ground Armor Level 2 (Chrono Boost)  
  112  7:32  Assimilator, Probe x2 (Chrono Boost)  
  112  7:34  Assimilator  
  112  7:43  Probe x2 (Chrono Boost)  
  114  7:47  Zealot x5  
  114  7:48  Zealot  
  112  8:03  Probe x3  
  112  8:04  Warp Prism (Chrono Boost)  
  109  8:11  Stalker x2  
  109  8:12  Stalker x2  
  119  8:13  Zealot x3  
  125  8:29  Assimilator  
  125  8:33  Pylon  
  125  8:35  Pylon  
  125  8:37  Pylon  
  125  8:51  Probe x3  
  128  9:00  Zealot x8  
  144  9:03  Probe x2  
  146  9:18  Nexus  
  126  9:40  Stalker x5  
  126  9:43  Probe x2  
  124  9:53  Nexus  
  110  10:27  Pylon  
Tags
 
Add a new tag
Caveats
  • Supply blocks, unpowered buildings, or Contaminate may cause inaccurate times.
  • Supply counts are checked every 10 seconds.